[Event "Titled Tuesday Blitz April 11 Late 2023"]
[White "Szpar, Milosz"]
[Black "Novik, Maxim"]
[WhiteFideId "1184989"]
[BlackFideId "4102924"]
[WhiteElo "2436"]
[BlackElo "2287"]
[Result "1-0"]
[Round "05"]
[TimeControl "180+2"]
[Date "2023.04.11"]
[WhiteClock "0:00:07"]
[BlackClock "0:00:05"]

1. e4 c6 2. d4 d5 3. e5 Bf5 4. h4 Qb6 5. a4 c5 6. dxc5 Qxc5 7. c3 Nc6 8. Be3 Qa5 9. Bb5 a6 10. Bxc6+ bxc6 11. Qd4 e6 12. b4 Qc7 13. Nd2 h5 14. Nb3 Nh6 15. Ne2 Ng4 16. Bf4 f6 17. Qd2 fxe5 18. Bg3 Bd6 19. f3 Nf6 20. Nc5 a5 21. Nc1 O-O 22. N1b3 axb4 23. cxb4 e4 24. Bxd6 Qxd6 25. O-O-O e5 26. Rhe1 Qe7 27. Kb2 Rfb8 28. Ka3 Bg6 29. Rc1 Kh7 30. Qg5 Rb6 31. fxe4 Rab8 32. exd5 Rxb4 33. Ka2 Rxb3 34. Nxb3 Qb4 35. Qe3 Qxa4+ 36. Kb2 Nxd5 37. Qg3 Nf4 38. Re3 Nd3+ 39. Rxd3 e4 40. Rdc3 Bf7 41. Qxb8 Bxb3 42. Qxb3 Qd4 43. Rc2 e3 44. Re2 c5 45. Qc2+ Kh6 46. Rxe3 Qb4+ 47. Kc1 c4 48. Re6+ 1-0


[Site "https://www.chess.com"]

[Event "Titled Tuesday Blitz April 11 Late 2023"]
[White "Vivas Zamora, Fabian Ernesto"]
[Black "Bolourchifard, Farzad"]
[WhiteFideId "3902480"]
[BlackFideId "12510084"]
[WhiteElo "2262"]
[BlackElo "2317"]
[Result "0-1"]
[Round "05"]
[TimeControl "180+2"]
[Date "2023.04.11"]
[WhiteClock "0:00:01"]
[BlackClock "0:00:17"]

1. e4 e5 2. Nf3 Nc6 3. d4 exd4 4. Nxd4 Bc5 5. Nb3 Bb6 6. Nc3 Nf6 7. Bg5 h6 8. Bh4 O-O 9. Qe2 Nd4 10. Qd3 Nxb3 11. axb3 Re8 12. O-O-O a5 13. f4 c6 14. e5 Qc7 15. Bxf6 gxf6 16. Ne4 Re6 17. Qg3+ Kf8 18. exf6 Be3+ 19. Kb1 d5 20. Qg7+ Ke8 21. Qg8+ Kd7 22. Qxf7+ Kd8 23. Qf8+ Re8 24. Qd6+ Qxd6 25. Nxd6 Re6 26. f7 Ke7 27. Nf5+ Kxf7 28. Bd3 a4 29. bxa4 Rxa4 30. Rde1 Bxf4 31. Rxe6 Bxe6 32. Rf1 Bxf5 33. Bxf5 Ke7 34. g3 Be5 35. Bc8 b5 36. c3 Re4 37. Bf5 Re2 38. h3 b4 39. Bg4 Rg2 40. Re1 Kd6 0-1


[Site "https://www.chess.com"]

[Event "Titled Tuesday Blitz April 11 Late 2023"]
[White "Mammadov, Zaur"]
[Black "Chos, Alexey"]
[WhiteFideId "13401033"]
[BlackFideId "14117762"]
[WhiteElo "2441"]
[BlackElo "2234"]
[Result "1-0"]
[Round "05"]
[TimeControl "180+2"]
[Date "2023.04.11"]
[WhiteClock "0:01:05"]
[BlackClock "0:00:47"]

1. e4 c6 2. c4 d5 3. cxd5 cxd5 4. exd5 Qxd5 5. Nc3 Qd8 6. d4 Nf6 7. Nf3 g6 8. Bc4 Bg7 9. O-O O-O 10. d5 Nbd7 11. Re1 Nb6 12. Bb3 Bg4 13. h3 Bxf3 14. Qxf3 Rc8 15. Bg5 h6 16. Bh4 Nc4 17. Qe2 Nd6 18. Qxe7 Nf5 19. Qb4 a5 20. Qf4 Nxh4 21. Qxh4 Qd6 22. Rad1 Rfd8 23. Nb5 Qb6 24. a4 g5 25. Qg3 Nh5 26. Qf3 Nf4 27. g3 Ng6 28. d6 Rf8 29. Re7 Qc6 30. Bd5 Nxe7 31. dxe7 Qd7 32. exf8=Q+ Rxf8 33. Bxb7 Qxh3 34. Bd5 Bxb2 35. Nd6 Kg7 36. Nf5+ Kh8 37. Bc4 Bf6 38. Bf1 g4 39. Qc6 1-0


[Site "https://www.chess.com"]

[Event "Titled Tuesday Blitz April 11 Late 2023"]
[White "Kornyukov, Alexey"]
[Black "Oro, Faustino"]
[WhiteFideId "4150457"]
[BlackFideId "20000197"]
[WhiteElo "2352"]
[BlackElo "1984"]
[Result "1-0"]
[Round "05"]
[TimeControl "180+2"]
[Date "2023.04.11"]
[WhiteClock "0:00:05"]
[BlackClock "0:00:02"]

1. d4 Nf6 2. c4 e6 3. Nc3 Bb4 4. f3 d5 5. a3 Bxc3+ 6. bxc3 O-O 7. e3 c5 8. cxd5 exd5 9. Bd3 b6 10. Ne2 Ba6 11. O-O Re8 12. Ng3 Bxd3 13. Qxd3 Nc6 14. Bb2 h5 15. e4 h4 16. Nf5 dxe4 17. fxe4 Nxe4 18. d5 Ng5 19. c4 Ne5 20. Qc3 h3 21. gxh3 Ne4 22. Qc2 Ng5 23. Kh1 Nxh3 24. Rae1 f6 25. Qg2 Ng5 26. Bxe5 fxe5 27. h4 Qd7 28. hxg5 Rf8 29. Rxe5 Rae8 30. Rxe8 Qxe8 31. g6 Qe5 32. Qg4 Re8 33. Qf3 Qf6 34. Nh6+ Kf8 35. Qxf6+ gxf6 36. Nf5 Re5 37. d6 Re4 38. Rd1 1-0


[Site "https://www.chess.com"]

[Event "Titled Tuesday Blitz April 11 Late 2023"]
[White "Hasangatin, Ramil"]
[Black "Dilmukhametov, Artur"]
[WhiteFideId "4122160"]
[BlackFideId "24179922"]
[WhiteElo "2275"]
[BlackElo "2199"]
[Result "1-0"]
[Round "05"]
[TimeControl "180+2"]
[Date "2023.04.11"]
[WhiteClock "0:00:05"]
[BlackClock "0:00:03"]

1. e4 e5 2. Nf3 Nf6 3. d3 Nc6 4. c3 d5 5. Nbd2 Be6 6. Be2 Be7 7. O-O O-O 8. b4 a6 9. a3 b5 10. Bb2 d4 11. cxd4 Nxd4 12. Nxe5 Nxe2+ 13. Qxe2 Bd6 14. d4 Bxe5 15. dxe5 Nd7 16. f4 Nb6 17. Rad1 Nc4 18. Nxc4 Bxc4 19. Qg4 Qe7 20. Rd7 Qe6 21. Qxe6 fxe6 22. Rf2 Rad8 23. Rxd8 Rxd8 24. h3 Rd1+ 25. Kh2 Re1 26. g4 Rxe4 27. f5 Re2 28. Kg3 Rxf2 29. Kxf2 exf5 30. gxf5 Bd3 31. f6 gxf6 32. exf6 Kf7 33. Ke3 Bf1 34. h4 Bg2 35. Be5 Bd5 36. Kd4 Bc4 37. Kc5 h5 38. a4 Bf1 39. a5 Bh3 40. Kc6 Ke6 41. Kb7 c5 42. bxc5 Bg2+ 43. Kxa6 b4 44. Bb2 Bd5 45. Kb6 Kd7 46. c6+ Kc8 47. c7 b3 48. a6 Kd7 49. Be5 Bf7 50. Kc5 b2 51. Bxb2 Kxc7 52. Be5+ Kc8 53. Kd4 Kd7 54. Ke3 Bd5 55. Bd4 Ke6 56. a7 Kf7 57. Kf4 Kg6 58. Ke5 Ba8 59. Kd6 Bf3 60. Ke7 Bd5 61. f7 Bxf7 62. a8=Q Kh6 63. Qc6+ Kh7 64. Qf6 Bg6 65. Qg5 Bf7 66. Kf8 Bg6 67. Bc3 Bf7 68. Qg7# 1-0


[Site "https://www.chess.com"]

[Event "Titled Tuesday Blitz April 11 Late 2023"]
[White "Albuquerque Junior,Wellington S."]
[Black "Sargsyan, Shant"]
[WhiteFideId "2151480"]
[BlackFideId "13306766"]
[WhiteElo "2109"]
[BlackElo "2628"]
[Result "0-1"]
[Round "05"]
[TimeControl "180+2"]
[Date "2023.04.11"]
[WhiteClock "0:00:02"]
[BlackClock "0:01:42"]

1. c4 a6 2. g3 e6 3. Bg2 d5 4. Nf3 dxc4 5. O-O Nf6 6. Qc2 b5 7. b3 cxb3 8. axb3 Bb7 9. Bb2 Bd6 10. d4 O-O 11. Rd1 Nbd7 12. Ne5 Bxg2 13. Kxg2 Bxe5 14. dxe5 Nd5 15. e4 N5b6 16. Qc6 Qc8 17. Nd2 Nb8 18. Qc5 Qb7 19. f3 N8d7 20. Qd4 c5 21. Qd6 Rfc8 22. Nf1 Nf8 23. Ne3 h6 24. h4 c4 25. Qb4 cxb3 26. Qxb3 Nc4 27. Bd4 Nxe3+ 28. Bxe3 a5 29. Rd6 a4 30. Qb4 Rc4 31. Qd2 Qc7 32. Kh3 b4 33. Rd4 b3 34. Rxc4 Qxc4 35. Rc1 Qa6 36. Bxh6 b2 37. Qg5 Ng6 38. Rc7 b1=Q 0-1


[Site "https://www.chess.com"]

[Event "Titled Tuesday Blitz April 11 Late 2023"]
[White "Dobrikov, Marco"]
[Black "Sadhwani, Raunak"]
[WhiteFideId "12950378"]
[BlackFideId "35093487"]
[WhiteElo "2296"]
[BlackElo "2631"]
[Result "0-1"]
[Round "05"]
[TimeControl "180+2"]
[Date "2023.04.11"]
[WhiteClock "0:00:12"]
[BlackClock "0:00:08"]

1. c4 g6 2. d4 Bg7 3. Nc3 d6 4. e4 Nd7 5. Be3 Ngf6 6. f3 e5 7. d5 h5 8. Qd2 a5 9. O-O-O Nc5 10. Kb1 Qe7 11. Nge2 Bd7 12. Nc1 b6 13. h4 O-O-O 14. Nd3 Kb8 15. Nxc5 dxc5 16. d6 Qe6 17. Bg5 Bc6 18. Bxf6 Bxf6 19. dxc7+ Kxc7 20. Nd5+ Kb7 21. g3 Bg7 22. Be2 f5 23. Qc3 a4 24. Rd3 Bxd5 25. Rxd5 Rxd5 26. cxd5 Qd7 27. Bd3 Rf8 28. Qc2 f4 29. Rg1 g5 30. gxf4 gxh4 31. f5 Bf6 32. Qe2 a3 33. Bb5 Qc7 34. Bc6+ Kb8 35. bxa3 h3 36. Rh1 Rg8 37. Rxh3 Rg1+ 38. Kb2 Qg7 39. Rh2 h4 40. Qa6 Qa7 41. Qb5 Rg3 42. d6 Rxf3 43. Rd2 Qxa3+ 44. Kb1 Qb4+ 45. Qxb4 cxb4 46. Rh2 h3 47. d7 Rg3 48. Bb5 Rg1+ 49. Kc2 Rg2+ 0-1


[Site "https://www.chess.com"]

[Event "Titled Tuesday Blitz April 11 Late 2023"]
[White "Lobanov, Sergei"]
[Black "Perske, Thore"]
[WhiteFideId "24183750"]
[BlackFideId "12902195"]
[WhiteElo "2489"]
[BlackElo "2336"]
[Result "1-0"]
[Round "05"]
[TimeControl "180+2"]
[Date "2023.04.11"]
[WhiteClock "0:01:18"]
[BlackClock "0:00:46"]

1. d4 d5 2. c4 c6 3. Nf3 Nf6 4. e3 Bf5 5. Nc3 e6 6. Nh4 Be4 7. f3 Bg6 8. Nxg6 hxg6 9. Bd2 Nbd7 10. Qb3 Qb6 11. O-O-O Bd6 12. Qc2 Qc7 13. e4 dxe4 14. fxe4 Bxh2 15. Be2 O-O-O 16. e5 Nxe5 17. dxe5 Bxe5 18. Rxh8 Rxh8 19. Kb1 Rh2 20. Bf3 Nd7 21. Ne4 a6 22. Qd3 c5 23. Ba5 Qc6 24. Nxc5 1-0


[Site "https://www.chess.com"]

[Event "Titled Tuesday Blitz April 11 Late 2023"]
[White "Janaszak, Dawid"]
[Black "Goltsev, Dmitry"]
[WhiteFideId "1119206"]
[BlackFideId "24176710"]
[WhiteElo "2220"]
[BlackElo "2336"]
[Result "0-1"]
[Round "05"]
[TimeControl "180+2"]
[Date "2023.04.11"]
[WhiteClock "0:00:04"]
[BlackClock "0:00:15"]

1. d4 Nf6 2. c4 e6 3. Nf3 Bb4+ 4. Bd2 Qe7 5. g3 b6 6. Bg2 Bb7 7. O-O Bxd2 8. Nbxd2 O-O 9. Qc2 d6 10. e4 e5 11. Rfe1 a5 12. c5 Nc6 13. cxb6 cxb6 14. d5 Nb4 15. Qb3 Ba6 16. Bf1 Bxf1 17. Kxf1 Na6 18. Rac1 Nc5 19. Qe3 Qd7 20. Kg2 Rfc8 21. Nh4 g6 22. h3 Qe7 23. Rc2 Rc7 24. Rec1 Rac8 25. Qg5 Nxd5 26. Qh6 Nb4 27. Rc4 b5 28. a3 Nbd3 29. R4c3 Nxc1 30. Rxc1 Nd3 31. Rf1 Rc2 32. Ndf3 Rxb2 33. Ng5 f6 34. Nxg6 hxg6 35. Qxg6+ Qg7 36. Qf5 Re8 37. Nf3 b4 38. axb4 axb4 39. Nh4 b3 40. Kg1 Rxf2 41. Rxf2 Nxf2 42. Qxf2 Rb8 43. Nf5 b2 44. Nxg7 b1=Q+ 0-1


[Site "https://www.chess.com"]

[Event "Titled Tuesday Blitz April 11 Late 2023"]
[White "Remizov, Yaroslav"]
[Black "Coenen, Michael"]
[WhiteFideId "34134015"]
[BlackFideId "4697367"]
[WhiteElo "2412"]
[BlackElo "2328"]
[Result "1-0"]
[Round "05"]
[TimeControl "180+2"]
[Date "2023.04.11"]
[WhiteClock "0:00:05"]
[BlackClock "0:00:02"]

1. e4 c5 2. Nf3 Nc6 3. Bb5 g6 4. O-O Bg7 5. c3 d6 6. d4 cxd4 7. cxd4 Bd7 8. Re1 a6 9. Ba4 b5 10. Bb3 Na5 11. Bd5 Rc8 12. e5 e6 13. exd6 Nf6 14. Bb3 O-O 15. Ne5 Bc6 16. Bf4 Nxb3 17. axb3 Bb7 18. h3 Re8 19. Nd3 Nd7 20. Nc3 Qb6 21. Be5 f6 22. Nc5 Qc6 23. Qf3 Nxc5 24. dxc5 Qxf3 25. gxf3 Rxc5 26. Bd4 Rc6 27. Ne4 e5 28. Bc5 Rd8 29. b4 h6 30. Rad1 f5 31. Nc3 Rcc8 32. Nd5 Bxd5 33. Rxd5 Kf7 34. Kg2 Rd7 35. Ra1 Rc6 36. Rd3 Bf8 37. Rda3 Bxd6 38. Rxa6 Rxa6 39. Rxa6 Be7 40. Rb6 Rc7 41. Rxb5 Bf6 42. Rb8 Ke6 43. Re8+ Kd5 44. Rg8 g5 45. Rg6 Rc6 46. Rxh6 f4 47. Rg6 e4 48. fxe4+ Kxe4 49. Rh6 Kf5 50. Be7 1-0


[Site "https://www.chess.com"]

[Event "Titled Tuesday Blitz April 11 Late 2023"]
[White "Yanchenko, Roman"]
[Black "Richter, Paul"]
[WhiteFideId "4137329"]
[BlackFideId "2046350"]
[WhiteElo "2491"]
[BlackElo "2171"]
[Result "1-0"]
[Round "05"]
[TimeControl "180+2"]
[Date "2023.04.11"]
[WhiteClock "0:01:45"]
[BlackClock "0:00:11"]

1. d4 Nf6 2. c4 g6 3. Nc3 Bg7 4. Bf4 O-O 5. e3 d6 6. Nf3 Nfd7 7. Be2 e5 8. Bg5 f6 9. Bh4 g5 10. Bg3 f5 11. dxe5 dxe5 12. Qd5+ Kh8 13. Nxe5 f4 14. Nf7+ Rxf7 15. Qxf7 fxg3 16. hxg3 Ne5 17. Qh5 h6 18. f4 Nd3+ 19. Bxd3 Qxd3 20. Qe8+ Kh7 21. Qxc8 Bxc3+ 22. bxc3 Qxc3+ 23. Kf2 Qd2+ 24. Kf3 Nd7 25. Qxa8 g4+ 26. Kxg4 Qe2+ 27. Kf5 Qd3+ 28. e4 Qxg3 29. Rxh6+ Kxh6 30. Qh8# 1-0


[Site "https://www.chess.com"]

[Event "Titled Tuesday Blitz April 11 Late 2023"]
[White "Barp, Alberto"]
[Black "Lorenzo De La Riva, Lazaro"]
[WhiteFideId "872555"]
[BlackFideId "2268809"]
[WhiteElo "2313"]
[BlackElo "2294"]
[Result "1-0"]
[Round "05"]
[TimeControl "180+2"]
[Date "2023.04.11"]
[WhiteClock "0:00:11"]
[BlackClock "0:00:02"]

1. d4 e6 2. c4 b6 3. e4 g6 4. Nf3 Bg7 5. Nc3 Ne7 6. h4 h6 7. Be3 d6 8. Qd2 a6 9. Bd3 Nd7 10. O-O Bb7 11. Rfe1 e5 12. Rad1 Nc6 13. Bf1 Nf6 14. dxe5 dxe5 15. Qc1 Qc8 16. Nd5 Ng4 17. Bd2 Nd4 18. Nxd4 exd4 19. Bf4 Ne5 20. c5 Bxd5 21. exd5 f6 22. Rxd4 O-O 23. Qc2 bxc5 24. Qxc5 Qf5 25. Bg3 g5 26. hxg5 hxg5 27. Qxc7 Rf7 28. Qb6 Re8 29. Rdd1 Bf8 30. d6 Rh7 31. Qxa6 Qg6 32. Bd3 f5 33. Rxe5 Qh5 34. f3 f4 35. Bxh7+ Qxh7 36. Qc4+ Kh8 37. Rxe8 fxg3 38. Rxf8+ Kg7 39. Qf7+ Kh6 40. Qxh7+ 1-0


[Site "https://www.chess.com"]

[Event "Titled Tuesday Blitz April 11 Late 2023"]
[White "Karamsetty, Jeevan"]
[Black "De La Colina, Nicolas"]
[WhiteFideId "2025337"]
[BlackFideId "30946921"]
[WhiteElo "2111"]
[BlackElo "2046"]
[Result "0-1"]
[Round "05"]
[TimeControl "180+2"]
[Date "2023.04.11"]
[WhiteClock "0:00:06"]
[BlackClock "0:00:09"]

1. e4 c5 2. Nc3 Nc6 3. g3 g6 4. Bg2 Bg7 5. d3 d6 6. Be3 e5 7. Qd2 Nd4 8. f4 Ne7 9. Nf3 Bg4 10. O-O h6 11. fxe5 dxe5 12. Nh4 Qd7 13. Rf2 Be6 14. b3 O-O-O 15. a4 f5 16. exf5 gxf5 17. Nb5 b6 18. Bxd4 cxd4 19. Qb4 Bd5 20. a5 Bxg2 21. Kxg2 Nc6 22. Qc4 Qd5+ 23. Kg1 Qxc4 24. bxc4 Nxa5 25. Nxf5 Bf8 26. Re2 a6 27. Na3 Re8 28. Nb1 Bb4 29. Nd2 Bxd2 30. Rxd2 e4 31. Nxd4 exd3 32. cxd3 Re3 33. Nf5 Rf3 34. Rf1 Rxf1+ 35. Kxf1 Rf8 36. Rf2 Rd8 37. Rf3 Nc6 38. Nxh6 Ne5 39. Rf6 Kc7 40. Nf7 Rf8 41. Nxe5 Rxf6+ 42. Ke2 a5 43. Kd2 Rf2+ 44. Kc3 Rxh2 45. g4 Re2 46. d4 Rg2 47. c5 bxc5 48. dxc5 Re2 49. Kd4 a4 50. Nc4 Rg2 51. Kc3 Rxg4 52. Kb4 Kc6 53. Kc3 Kxc5 54. Nb2 Rg3+ 55. Kc2 Kb4 56. Kb1 Kb3 57. Kc1 Rg1+ 58. Nd1 Rxd1+ 59. Kxd1 Kb2 60. Kd2 a3 61. Kd3 a2 62. Kc4 a1=Q 63. Kd4 Qa3 0-1


[Site "https://www.chess.com"]

[Event "Titled Tuesday Blitz April 11 Late 2023"]
[White "Zarnicki, Pablo"]
[Black "Colas, Joshua"]
[WhiteFideId "100137"]
[BlackFideId "2044447"]
[WhiteElo "2468"]
[BlackElo "2347"]
[Result "1-0"]
[Round "05"]
[TimeControl "180+2"]
[Date "2023.04.11"]
[WhiteClock "0:00:04"]
[BlackClock "0:01:10"]

1. e4 g6 2. d4 Bg7 3. Nc3 d5 4. exd5 Nf6 5. Nf3 O-O 6. Bc4 Nbd7 7. O-O Nb6 8. Bb3 a5 9. a3 a4 10. Ba2 Nbxd5 11. Nxd5 Nxd5 12. h3 b6 13. Re1 e6 14. Bg5 Qd6 15. Qd2 Bb7 16. Rad1 Nf6 17. Ne5 Ne4 18. Rxe4 Bxe4 19. Bh6 Bxe5 20. dxe5 Qxd2 21. Rxd2 Rfd8 22. Re2 Rd1+ 23. Kh2 Bd5 24. Bxd5 exd5 25. f4 Re8 26. g4 c5 27. f5 d4 28. e6 c4 29. Rf2 fxe6 30. fxe6 d3 31. e7 Rd2 32. Rxd2 Rxe7 33. Rf2 Re8 34. cxd3 cxd3 35. Kg2 g5 36. Bxg5 Kg7 37. Bf6+ Kg6 38. Bc3 b5 39. Rd2 Re3 40. Bd4 Re4 41. Rxd3 Re2+ 42. Kg3 h5 43. gxh5+ Kxh5 44. Bc3 Kg6 45. Rd6+ Kf7 46. Rd5 b4 47. axb4 a3 48. bxa3 Re3+ 49. Kg4 Rxc3 50. a4 Rc4+ 51. Kg5 Rxb4 52. a5 Ra4 53. h4 Ra1 54. Rb5 Rg1+ 55. Kh6 Ke6 56. Rb8 Ra1 57. Ra8 Kf7 58. h5 Rh1 59. a6 Ra1 60. a7 Ra6+ 61. Kh7 Ra5 62. h6 Ra1 63. Rg8 Rxa7 64. Rg7+ Kf8 65. Rxa7 1-0


[Site "https://www.chess.com"]

[Event "Titled Tuesday Blitz April 11 Late 2023"]
[White "Sztokbant, Bernardo Vainzoff"]
[Black "Rozman, Levy"]
[WhiteFideId "2115956"]
[BlackFideId "2039877"]
[WhiteElo "2222"]
[BlackElo "2376"]
[Result "0-1"]
[Round "05"]
[TimeControl "180+2"]
[Date "2023.04.11"]
[WhiteClock "0:00:05"]
[BlackClock "0:00:06"]

1. e4 c6 2. d4 d5 3. e5 c5 4. dxc5 e6 5. a3 Bxc5 6. b4 Be7 7. Nf3 Nd7 8. Bb2 f6 9. Nbd2 Nh6 10. Bd3 Nf7 11. exf6 Bxf6 12. Bxf6 Qxf6 13. O-O O-O 14. c4 Nde5 15. Be2 Rd8 16. cxd5 exd5 17. Nxe5 Nxe5 18. Nf3 Nc4 19. Qd4 Be6 20. Qxf6 gxf6 21. Nd4 Bf7 22. Rfe1 a5 23. b5 Nd6 24. Rac1 Rac8 25. Bg4 Rc4 26. Rxc4 dxc4 27. Bf3 Re8 28. Kf1 Re5 29. Re3 Bg6 30. Ke1 c3 31. Kd1 Rc5 32. Kc1 a4 33. b6 h5 34. Ne6 Rc8 35. Bd5 Kh7 36. Nf4 Bf5 37. Re7+ Kh6 38. Be6 Rc5 39. Bxf5 Nxf5 40. Re6 Nd4 41. Rxf6+ Kg5 42. Ne6+ Kxf6 43. Nxc5 Nb3+ 44. Kc2 Nxc5 45. Kxc3 Ke6 46. Kb4 Kd5 47. Kb5 Nd3 48. f3 Ne1 49. Kxa4 Nxg2 50. Kb5 Nh4 51. f4 Ng6 52. f5 Nh4 53. f6 Ke6 54. a4 Nf5 55. a5 Nd6+ 56. Kb4 Kxf6 57. Kc5 Ke6 58. a6 bxa6 59. Kc6 a5 60. b7 Nxb7 61. Kb5 Nd6+ 62. Kxa5 Kf5 63. Kb4 Kg4 64. Kc5 Ne4+ 65. Kd5 Ng5 66. Ke5 Nf3+ 67. Ke4 Nxh2 0-1


[Site "https://www.chess.com"]

[Event "Titled Tuesday Blitz April 11 Late 2023"]
[White "Idani, Pouya"]
[Black "Mazurkiewicz, Michal"]
[WhiteFideId "12510130"]
[BlackFideId "1124943"]
[WhiteElo "2574"]
[BlackElo "2054"]
[Result "1-0"]
[Round "05"]
[TimeControl "180+2"]
[Date "2023.04.11"]
[WhiteClock "0:01:15"]
[BlackClock "0:00:03"]

1. e4 d6 2. d4 Nf6 3. Nc3 c6 4. f4 Qb6 5. Nf3 Bg4 6. Be2 e6 7. e5 Nd5 8. Ne4 dxe5 9. fxe5 Nd7 10. c4 Bb4+ 11. Kf2 Ne7 12. a3 Bxf3 13. gxf3 Nxe5 14. axb4 Nf5 15. c5 Qd8 16. dxe5 Qh4+ 17. Kg2 O-O 18. Nd6 Rad8 19. Bd3 1-0


[Site "https://www.chess.com"]

[Event "Titled Tuesday Blitz April 11 Late 2023"]
[White "Sieciechowicz, Marcin"]
[Black "Mikhalsky, Vladimir"]
[WhiteFideId "1130170"]
[BlackFideId "14144352"]
[WhiteElo "2302"]
[BlackElo "2236"]
[Result "1-0"]
[Round "05"]
[TimeControl "180+2"]
[Date "2023.04.11"]
[WhiteClock "0:00:03"]
[BlackClock "0:00:01"]

1. d4 Nf6 2. c4 g6 3. Nc3 Bg7 4. e4 O-O 5. f3 d6 6. Be3 a6 7. Qd2 Nc6 8. Nge2 Re8 9. Rc1 h5 10. Nd1 Bd7 11. Nf2 b5 12. c5 e6 13. h4 Nh7 14. g4 hxg4 15. fxg4 dxc5 16. Rxc5 e5 17. d5 Nd4 18. Nxd4 exd4 19. Bxd4 Nf6 20. Bg2 Nxg4 21. Nxg4 Bxg4 22. Bxg7 Kxg7 23. Qf4 Qd6 24. Qxd6 cxd6 25. Rc6 Bf5 26. O-O Bxe4 27. Rc7 Bf5 28. h5 Rac8 29. Rc6 Rxc6 30. dxc6 Be4 31. Bxe4 Rxe4 32. Rc1 Re8 33. hxg6 fxg6 34. c7 Rc8 35. Rc6 a5 36. Kf2 Kf7 37. Ke3 Ke7 38. Kd3 Kd7 39. Rb6 b4 40. Rb5 Rxc7 41. Rxa5 Rc5 42. Ra7+ Kc6 43. Rg7 Rg5 44. Kc4 Rg4+ 45. Kb3 Kb5 46. Rd7 Rg3+ 47. Kc2 Kc5 48. Rd8 d5 49. Rc8+ Kd4 50. Rb8 Kc4 51. Rc8+ Kd4 52. Rb8 Rg2+ 53. Kb3 Kd3 54. Rxb4 d4 55. a4 g5 56. a5 Rh2 57. a6 Rh8 58. Rb7 g4 59. a7 Ra8 60. Rg7 Ke2 61. Rxg4 Rxa7 62. Rxd4 Rb7+ 63. Kc3 Ra7 64. b4 Ke3 65. Rc4 Ra3+ 66. Kb2 Ra8 67. b5 Kd3 68. Rc5 Kd4 69. Rh5 Rb8 70. Kb3 Kd3 71. Kb4 Kd4 72. Ka5 Ra8+ 73. Kb6 Rg8 74. Ka7 Kc4 75. b6 Rg1 76. b7 Ra1+ 77. Kb8 Kd4 78. Kc7 Rc1+ 79. Kb6 Rb1+ 80. Rb5 1-0


[Site "https://www.chess.com"]

[Event "Titled Tuesday Blitz April 11 Late 2023"]
[White "Girsh, Daniel"]
[Black "Danielyan, Vahe"]
[WhiteFideId "30949190"]
[BlackFideId "13304828"]
[WhiteElo "2075"]
[BlackElo "2423"]
[Result "1-0"]
[Round "05"]
[TimeControl "180+2"]
[Date "2023.04.11"]
[WhiteClock "0:00:14"]
[BlackClock "0:00:01"]

1. e4 Nf6 2. e5 Nd5 3. d4 d6 4. Nf3 g6 5. Bc4 c6 6. O-O Bg7 7. Re1 O-O 8. Nc3 Nxc3 9. bxc3 dxe5 10. Nxe5 Nd7 11. Nf3 e5 12. Ba3 exd4 13. Bxf8 Qxf8 14. cxd4 Nb6 15. Bb3 Bg4 16. c3 Nd5 17. Bxd5 cxd5 18. h3 Be6 19. Qb3 b6 20. Ng5 Bf5 21. Qxd5 Rd8 22. Qf3 h6 23. Ne4 Qa3 24. Ng3 Be6 25. Re2 Bd5 26. Qe3 Rc8 27. Rc2 b5 28. Qc1 Qa5 29. Qb2 h5 30. Re1 h4 31. Ne4 Qd8 32. Qxb5 f5 33. Nc5 Qg5 34. f4 Qxf4 35. Qd7 Rxc5 36. dxc5 Be4 37. Qe8+ Kh7 38. Rf2 Qg3 39. Rxe4 fxe4 40. Qxe4 Bxc3 41. Qf3 Bd4 42. c6 Qd6 43. Qf7+ Kh6 44. c7 Qc6 45. Qf8+ Kh7 46. c8=Q 1-0


[Site "https://www.chess.com"]

[Event "Titled Tuesday Blitz April 11 Late 2023"]
[White "Yeritsyan, Hayk"]
[Black "Kavutskiy, Konstantin"]
[WhiteFideId "13307320"]
[BlackFideId "2026384"]
[WhiteElo "2241"]
[BlackElo "2323"]
[Result "0-1"]
[Round "05"]
[TimeControl "180+2"]
[Date "2023.04.11"]
[WhiteClock "0:00:06"]
[BlackClock "0:00:14"]

1. d4 Nf6 2. Nf3 g6 3. Bf4 Bg7 4. h3 O-O 5. e3 d6 6. c3 Nc6 7. Be2 Nd7 8. O-O e5 9. Bh2 f5 10. Na3 Kh8 11. Nc4 Qe7 12. b4 g5 13. b5 Nd8 14. a4 h5 15. Nfd2 g4 16. hxg4 hxg4 17. dxe5 dxe5 18. e4 Nc5 19. exf5 Bxf5 20. Bxg4 Bd3 21. Re1 e4 22. Ne3 Bxc3 23. Rc1 Bd4 24. Nb3 Nxb3 25. Qxb3 Qf6 26. Bg3 Nf7 27. Rxc7 Nh6 28. Qe6 Nxg4 29. Qxg4 Qh6 30. Nf5 Rxf5 31. Qxf5 Re8 32. Qf7 Rg8 33. Bf4 Qh4 34. Qe7 Qxf2+ 35. Kh1 Qxe1+ 36. Kh2 Qg1+ 37. Kh3 Qxg2+ 38. Kh4 Qg4# 0-1


[Site "https://www.chess.com"]

[Event "Titled Tuesday Blitz April 11 Late 2023"]
[White "Indjic, Aleksandar"]
[Black "Grot, Blazej"]
[WhiteFideId "911925"]
[BlackFideId "21835845"]
[WhiteElo "2614"]
[BlackElo "1823"]
[Result "1-0"]
[Round "05"]
[TimeControl "180+2"]
[Date "2023.04.11"]
[WhiteClock "0:00:14"]
[BlackClock "0:00:01"]

1. d4 d6 2. Nf3 Bg4 3. c4 Nd7 4. Nc3 c6 5. h3 Bxf3 6. exf3 Ngf6 7. d5 Qc7 8. f4 g6 9. Be3 Bg7 10. g4 O-O 11. Rc1 cxd5 12. cxd5 Qa5 13. Bg2 b5 14. O-O b4 15. Qa4 Qxa4 16. Nxa4 Rfc8 17. g5 Ne8 18. Rc6 Nb6 19. Nxb6 axb6 20. Rfc1 Rcb8 21. b3 Rxa2 22. Rc8 Raa8 23. Rxb8 Rxb8 24. Rc6 Bc3 25. h4 Ng7 26. Be4 Kf8 27. Bxb6 Bd2 28. Be3 Bxe3 29. fxe3 Ke8 30. Kf2 Kd7 31. Rc4 Ne8 32. Bf3 Nc7 33. Rc6 Rb5 34. e4 Rc5 35. Rb6 Rb5 36. Rc6 Rc5 37. Rxc5 dxc5 38. e5 Nb5 39. Bg4+ Kc7 40. Be2 Nd4 41. Bc4 Nf5 42. h5 gxh5 43. Kf3 Kd7 44. Ke4 e6 45. d6 h4 46. Kf3 Nd4+ 47. Kg4 Nc2 48. Kxh4 Ne3 49. Bd3 Kc6 50. Kh5 Ng2 51. Kg4 Ne3+ 52. Kf3 Nd5 53. Bxh7 c4 54. bxc4 Nc3 55. Be4+ 1-0


[Site "https://www.chess.com"]

[Event "Titled Tuesday Blitz April 11 Late 2023"]
[White "Mekhitarian, Krikor Sevag"]
[Black "Luo, Terry"]
[WhiteFideId "2107660"]
[BlackFideId "30931045"]
[WhiteElo "2604"]
[BlackElo "2265"]
[Result "1-0"]
[Round "05"]
[TimeControl "180+2"]
[Date "2023.04.11"]
[WhiteClock "0:00:24"]
[BlackClock "0:01:30"]

1. Nf3 Nf6 2. c4 g6 3. Nc3 Bg7 4. e4 d6 5. d4 Kd7 6. Bd3 Ke8 7. h3 Nbd7 8. Be3 e5 9. d5 Kf8 10. b4 a5 11. a3 Kg8 12. O-O h6 13. Nd2 Kh7 14. c5 Nh5 15. Nc4 Nf4 16. cxd6 Qg5 17. Qf3 Nf6 18. Bxf4 exf4 19. e5 Ng4 20. hxg4 Bxg4 21. Qe4 f3 22. Rfe1 cxd6 23. Nxd6 axb4 24. Nxf7 Qh5 25. axb4 Bf5 26. Qxf3 Qxf3 27. gxf3 Bxd3 28. Rxa8 Rxa8 29. d6 Kg8 30. e6 Bxc3 31. Re3 Bc4 32. Nd8 Bxe6 33. Nxe6 Bxb4 34. d7 Ba5 35. Ra3 b6 36. d8=Q+ 1-0


[Site "https://www.chess.com"]

[Event "Titled Tuesday Blitz April 11 Late 2023"]
[White "Tanenbaum, Zachary"]
[Black "Sai Han Thiha"]
[WhiteFideId "2060850"]
[BlackFideId "13012290"]
[WhiteElo "2175"]
[BlackElo "1954"]
[Result "1-0"]
[Round "05"]
[TimeControl "180+2"]
[Date "2023.04.11"]
[WhiteClock "0:00:13"]
[BlackClock "0:00:06"]

1. e4 c6 2. d4 d5 3. exd5 cxd5 4. Bd3 Nc6 5. c3 Nf6 6. Bf4 Bg4 7. Qb3 Qd7 8. Nd2 e6 9. Ngf3 Bd6 10. Bxd6 Qxd6 11. O-O O-O 12. Rfe1 Qc7 13. Qc2 Rfc8 14. Rac1 Bh5 15. Ne5 Rab8 16. a4 a6 17. Nb3 Na5 18. Nc5 Nc6 19. f4 Ne7 20. Qf2 Bg6 21. Bxg6 hxg6 22. g4 Ra8 23. Qh4 b6 24. Ncd3 Ne4 25. Re3 Kf8 26. Qh8+ Ng8 27. Rh3 Qe7 28. Rh7 Nf6 29. Qxg7+ Ke8 30. Nxg6 fxg6 31. Qxg6+ Kd8 32. Rxe7 Kxe7 33. Ne5 Kd6 34. Re1 Ne4 35. f5 Ngf6 36. Rxe4 dxe4 37. Qxf6 Re8 38. Nc4+ Kd5 39. Nxb6+ Kc6 40. Nxa8 Kb7 41. Qf7+ 1-0


[Site "https://www.chess.com"]